Map: Récif abyssal EC

Players

Souv

  • Race: Protoss Protoss
  • League: Master
  • Spawn Location: 11:00

JustForFun - Winner!

  • Race: Terran Terran
  • League: Platinum
  • Spawn Location: 5:00

VOD

Have the link to the VOD?

Description

Time

  • Played on: Feb. 26, 2025, 4:50 a.m.
  • Length: 8:23
Show
View Real Time Build Order
Export as new Build Order

Souv Protoss 

Build Orders:  

Get SALT Encoding   

  12  0:00  Probe  
  13  0:12  Probe  
  14  0:17  Pylon  
  14  0:24  Probe  
  15  0:35  Probe  
  15  0:39  Gateway  
  16  0:43  Probe  
  17  0:51  Probe  
  17  0:53  Assimilator  
  18  1:07  Probe  
  18  1:10  Assimilator  
  19  1:16  Gateway  
  19  1:19  Probe  
  20  1:31  Probe  
  21  1:34  Cybernetics Core  
  21  1:44  Probe  
  22  1:52  Pylon  
  22  1:56  Probe  
  22  1:59  Stalker  
  22  2:00  Stalker  
  23  2:10  Probe  
  23  2:13  Warp Gate  
  27  2:28  Probe  
  28  2:30  Stalker  
  30  2:51  Nexus  
  30  2:58  Pylon  
  30  3:01  Probe  
  31  3:15  Robotics Facility  
  31  3:18  Probe  
  31  3:30  Probe  
  32  3:37  Twilight Council  
  32  3:40  Pylon  
  32  3:42  Probe  
  32  3:44  Shield Battery  
  33  3:54  Probe  
  34  4:06  Probe  
  34  4:07  Gateway  
  34  4:09  Probe, Gateway  
  36  4:13  Observer  
  36  4:17  Stalker  
  38  4:18  Charge  
  40  4:24  Probe  
  40  4:25  Probe  
  41  4:37  Forge  
  41  4:51  Immortal, Probe x2  
  42  4:59  Protoss Ground Weapons Level 1  
  45  5:02  Stalker  
  45  5:03  Stalker  
  45  5:05  Probe  
  51  5:14  Probe  
  51  5:18  Probe  
  52  5:26  Probe  
  53  5:30  Stalker  
  53  5:31  Stalker  
  53  5:32  Stalker  
  59  5:36  Probe  
  59  5:39  Sentry  
  62  5:45  Shield Battery  
  62  5:55  Pylon x2  
  62  6:10  Observer  
  62  6:13  Probe x2  
  65  6:23  Assimilator  
  65  6:25  Assimilator, Probe x2  
  67  6:31  Stalker  
  67  6:32  Stalker x2  
  73  6:33  Stalker  
  75  6:47  Pylon  
  75  6:50  Probe, Pylon  
  75  6:51  Probe, Pylon  
  75  6:53  Pylon  
  77  6:57  Immortal  
  81  7:09  Photon Cannon  
  81  7:12  Photon Cannon, Probe x2  
  82  7:22  Zealot x2  
  84  7:23  Zealot x2  
  90  7:39  Probe x2  
  92  7:45  Zealot  
  92  7:46  Zealot x2  
  92  7:47  Zealot  
  100  7:51  Probe x2  
  102  8:10  Zealot x2  
  102  8:11  Zealot x2  
Show
View Real Time Build Order
Export as new Build Order

JustForFun Terran - Winner!

Build Orders: Reaper Expand 

Get SALT Encoding   

  12  0:00  SCV  
  13  0:12  SCV  
  14  0:17  Supply Depot  
  14  0:24  SCV  
  15  0:39  SCV  
  15  0:40  Barracks  
  16  0:44  Refinery  
  16  0:52  SCV  
  17  1:04  SCV  
  18  1:22  SCV  
  19  1:38  Orbital Command  
  19  1:39  Reaper  
  20  1:42  Command Center  
  20  1:57  Bunker  
  20  2:01  Supply Depot  
  20  2:05  SCV  
  21  2:14  Barracks Reactor  
  21  2:17  SCV  
  22  2:25  Refinery  
  22  2:29  SCV  
  23  2:34  Factory  
  23  2:41  SCV  
  24  2:50  Marine x2  
  26  2:54  SCV  
  26  2:55  Orbital Command  
  27  3:06  SCV  
  28  3:18  SCV  
  29  3:21  Marine x2  
  31  3:27  SCV  
  31  3:29  Factory Tech Lab  
  31  3:30  SCV  
  31  3:31  Starport  
  33  3:39  Marine x2, SCV  
  36  3:41  Supply Depot  
  36  3:42  SCV  
  37  3:49  Cyclone  
  37  3:51  SCV  
  37  3:54  SCV  
  42  3:57  Marine x2  
  44  4:03  SCV  
  44  4:05  Supply Depot  
  44  4:06  SCV  
  44  4:09  Starport Tech Lab  
  46  4:15  Marine x2  
  46  4:16  SCV  
  49  4:18  Barracks, SCV  
  49  4:21  Barracks  
  50  4:28  SCV  
  50  4:30  Raven, SCV  
  54  4:32  Marine  
  54  4:33  Marine  
  54  4:35  Supply Depot  
  56  4:39  Supply Depot  
  56  4:40  SCV  
  56  4:42  SCV  
  58  4:50  Marine x2  
  58  4:52  SCV  
  61  4:55  SCV  
  61  4:56  Refinery  
  61  4:58  Refinery, Engineering Bay  
  61  4:59  Engineering Bay  
  62  5:04  SCV  
  63  5:10  Marine x2  
  63  5:11  Factory Tech Lab  
  65  5:15  SCV, Starport Reactor  
  65  5:16  SCV  
  67  5:23  Combat Shield  
  67  5:25  Marauder x2, Stimpack  
  71  5:30  Marine x2  
  73  5:38  Supply Depot  
  73  5:41  Supply Depot  
  73  5:43  Terran Infantry Weapons Level 1  
  73  5:44  Terran Infantry Armor Level 1  
  73  5:46  Marauder x2  
  77  5:59  Medivac  
  77  6:01  Supply Depot, Medivac  
  81  6:04  Marine x2  
  81  6:05  Supply Depot  
  81  6:08  Marauder x2  
  86  6:22  Marine x2  
  86  6:24  Supply Depot  
  88  6:26  SCV x2  
  88  6:28  Supply Depot  
  88  6:29  Marauder x2  
  94  6:37  Medivac  
  94  6:39  Medivac  
  98  6:40  Marine x2  
  98  6:42  Concussive Shells  
  100  6:50  Marauder x2  
  100  6:51  Widow Mine  
  106  6:58  Marine x2  
  106  6:59  Supply Depot  
  106  7:00  Supply Depot  
  108  7:04  Armory  
  108  7:12  Marauder x2  
  108  7:13  Widow Mine  
  114  7:20  Marine x2  
  114  7:21  Medivac x2  
  120  7:32  Barracks  
  120  7:33  Marauder x2  
  120  7:34  Command Center, Barracks  
  124  7:37  Marine  
  124  7:38  Barracks  
  125  7:46  Widow Mine  
  125  7:49  Marine  
  128  7:54  Marauder  
  128  7:55  Marine, Marauder  
Tags
 
Add a new tag
Caveats
  • Supply blocks, unpowered buildings, or Contaminate may cause inaccurate times.
  • Supply counts are checked every 10 seconds.